 Dungeon Crawl Stone Soup version 0.23-a0-558-g30802b1 (console) character file.

24969 Duffy the Cleaver (level 13, -5/117 HPs)
             Began as a Naga Fighter on Dec 11, 2018.
             Was an Initiate of Gozag.
             Slain by an orc knight
             ... wielding a +3 long sword
              (17 damage)
             ... on level 1 of the Orcish Mines.
             The game lasted 00:20:35 (16707 turns).

Duffy the Cleaver (Naga Fighter)                   Turns: 16707, Time: 00:20:36

Health: -5/117     AC: 24    Str: 23    XL:     13   Next: 16%
Magic:  17/17      EV:  6    Int:  9    God:    Gozag
Gold:   1660       SH: 21    Dex: 21    Spells: 12/12 levels left

rFire    . . .     SeeInvis +   a - +2 war axe (venom)
rCold    + + .     Gourm    .   t - +2 large shield
rNeg     . . .     Faith    .   w - +6 chain mail "Roeta" {rC+}
rPois    +         Spirit   .   H - +0 hat {Int+3}
rElec    .         Reflect  .   q - +0 cloak
rCorr    .         Harm     .   D - +0 pair of gloves
MR       +....                  r - +0 naga barding of Lies {rC+ Int-4 Dex+2 Stlth+}
Stlth    ..........             K - amulet of rage
HPRegen  0.29/turn              s - +3 ring of evasion
MPRegen  0.15/turn              M - +5 ring of dexterity

@: about to teleport, gold aura, very slow
A: large, stinger 1, see invisible, agile 1, clever 1, deformed body, poison
resistance, slowness 2, slow metabolism 1, spit poison 2, constrict 1, AC +4
a: Breathe Poison Gas, Potion Petition, Call Merchant, Bribe Branch, Renounce
Religion, Evoke Berserk Rage


You were on level 1 of the Orcish Mines.
You worshipped Gozag.
Gozag was most pleased with you.
You were not hungry.

You visited 4 branches of the dungeon, and saw 14 of its levels.
You also visited: Ice Cave.

You collected 2902 gold pieces.
You spent 1104 gold pieces at shops.
You paid 138 gold pieces to Gozag.

Inventory:

Hand Weapons
 a - a +2 war axe of venom (weapon)
 b - a +0 blowgun
 c - a +0 broad axe
 g - a +2 flail of protection
 x - a +0 war axe
Missiles
 m - 3 throwing nets (quivered)
 u - 7 curare-tipped needles
Armour
 q - a +0 cloak (worn)
 r - the +0 naga barding of Lies (worn) {rC+ Int-4 Dex+2 Stlth+}
   (You acquired it on level 10 of the Dungeon)

   It affects your intelligence (-4).
   It affects your dexterity (+2).
   It protects you from cold.
   It makes you more stealthy.
 t - a +2 large shield (worn)
 w - the +6 chain mail "Roeta" (worn) {rC+}
   (You bought it in a shop on level 11 of the Dungeon)

   It protects you from cold.
 D - a +0 pair of gloves (worn)
 H - a +0 hat of intelligence (worn)
Jewellery
 s - a +3 ring of evasion (left hand)
 F - an uncursed ring of flight
 K - an amulet of rage (around neck)
 M - a +5 ring of dexterity (right hand)
Wands
 k - a wand of flame (19)
 E - a wand of random effects (34)
 G - a wand of iceblast (16)
Scrolls
 e - 4 scrolls of teleportation
 h - 3 scrolls of fog
 i - a scroll of immolation
 n - 4 scrolls of enchant weapon
 o - a scroll of fear
 y - a scroll of magic mapping
 N - a scroll of remove curse
Potions
 d - 4 potions of might
 j - 4 potions of mutation
 l - 5 potions of flight
 v - 2 potions of heal wounds
 z - 2 potions of haste
 A - a potion of resistance
 B - 4 potions of agility
 C - 3 potions of curing
 I - a potion of magic {unknown}
 J - a potion of ambrosia {unknown}
Comestibles
 f - 18 rations


   Skills:
 + Level 8.0 Fighting
 + Level 12.4 Axes
 + Level 6.6 Armour
 + Level 11.6 Shields
 - Level 6.0 Evocations


You had 12 spell levels left.
You didn't know any spells.
Your spell library contained the following spells:

 Spells                   Type           Power        Failure   Level  Hunger
 Animate Skeleton         Necr           N/A          99%         1    ##.....
 Apportation              Tloc           #.....       99%         1    ##.....
 Confusing Touch          Hex            #.....       99%         1    ##.....
 Corona                   Hex            #......      99%         1    ##.....
 Summon Small Mammal      Summ           #...         99%         1    ##.....
 Ensorcelled Hibernation  Hex/Ice        #.....       100%        2    ###....
 Confuse                  Hex            #.......     100%        3    ####...
 Dazzling Spray           Conj/Hex       #.....       100%        3    ####...
 Tukima's Dance           Hex            #.......     100%        3    ####...


Dungeon Overview and Level Annotations

Branches:
Dungeon (11/15)            Temple (1/1) D:4            Lair (1/6) D:11
    Orc (1/2) D:9

Altars:
Ashenzari
Cheibriados
Dithmenos
Elyvilon
Fedhas
Gozag
Hepliaklqana
Kikubaaqudgha
Makhleb
Nemelex Xobeh
Okawaru
Qazlal
Ru
Sif Muna
Trog
Uskayaw
Vehumet
Wu Jian
Xom
Yredelemnul
Zin
The Shining One

Shops:
D:4 (   D:8 *   D:11 [

Annotations:
D:10 3 runed doors


Innate Abilities, Weirdness & Mutations

You cannot wear boots.
Your serpentine skin is tough. (AC +4)
You have supernaturally acute eyesight. (SInv)
Armour fits poorly on your strangely shaped body.
Your system is resistant to poisons. (rPois)
You cover ground very slowly.
You have a slow metabolism.
You can exhale a cloud of poison.
You can use your snake-like lower body to constrict enemies.
Your tail ends in a poisonous barb.
You are agile. (Dex +2)
Your mind is acute. (Int +2)


Message History

You are too injured to fight recklessly!
You are too injured to fight recklessly!
You are too injured to fight recklessly!
You are too injured to fight recklessly!
You are too injured to fight recklessly!
You are too injured to fight recklessly!
You are too injured to fight recklessly!
As you read the scroll of teleportation, it crumbles to dust.
You feel strangely unstable.
You constrict the orc knight.
You kill the orc warrior!
Your Fighting skill increases to level 8!
The orc becomes distracted by the nearby gold, dreaming of imaginary riches.
You block the orc warrior's attack. You block the smoke demon's attack.
The smoke demon hits you but does no damage.
The smoke demon completely misses you.
The orc warrior hits you with a +0 morningstar.
The orc priest completely misses you. You block the orc warrior's attack.
The orc knight hits you with a +3 long sword!
You die...
Your body crumbles into a pile of gold.

##. ###........#
..#..##.........# $
...$.^##........## $$
.o...............##
.....3............#
...ooo...>........###
....o4oo.(###.......#
#...oo3oo..###......#
#...ooo@$..##.......#
#....oo............##
$
.....#...........###
.... #............###
... #.........#.##.##
.. ###......####...#
. ..............## $
.$...........##
##.............##


You could see an orc warlord, an orc knight, a sixfirhy, a smoke demon, a chaos
spawn, 2 orc sorcerers, 5 orc warriors, an orc priest and 6 orcs.

Vanquished Creatures
  A frost giant (IceCv)
  Harold (D:11)
  3 two-headed ogres (D:9)
  An unseen horror (D:10)
  Pikel (D:5)
  An ugly thing (D:7)
  2 cyclopes (D:11)
  Joseph (D:7)
  An ice statue (IceCv)
  2 spiny frogs (Lair:1)
  A rime drake (Lair:1)
  18 polar bears (IceCv)
  5 blink frogs (Lair:1)
  Grinder (D:6)
  A meliai zombie (D:11)
  2 hippogriffs
  A vampire (D:11)
  19 yaks
  A hungry ghost (D:8)
  A basilisk (Lair:1)
  Eustachio (D:4)
  Menkaure (D:7)
  8 water moccasins
  6 porcupines
  7 orc warriors
  4 slaves (D:5)
  An eye of draining (D:9)
  4 ice beasts
  2 phantoms
  2 black bears
  4 sky beasts
  A necrophage (D:9)
  6 ogres
  9 wolves (IceCv)
  5 centaurs
  2 crocodiles
  4 big kobolds
  9 bullfrogs
  4 scorpions
  14 killer bees
  3 howler monkeys
  2 bullfrog zombies
  4 crimson imps
  3 quasits
  8 jellies
  7 hounds
  6 orc wizards
  Crazy Yiuf (D:2)
  9 orc priests
  2 bullfrog skeletons
  A centaur skeleton (D:6)
  7 iguanas
  Natasha (thrice) (D:2)
  9 worker ants
  3 hound skeletons
  2 howler monkey zombies
  3 worker ant zombies
  3 howler monkey skeletons
  3 gnolls (D:4)
  12 adders
  5 shadow imps
  An ooze (D:1)
  An adder skeleton (D:7)
  2 worms (D:2)
  4 dart slugs
  7 leopard geckos
  36 orcs
  9 giant cockroaches
  7 goblins
  3 hobgoblins
  25 jackals
  20 kobolds
  4 quokkas
  9 bats
  4 frilled lizards
  A quokka zombie (D:8)
  3 rats
  A bush (D:7)
  3 fungi
  3 plants (D:11)
397 creatures vanquished.

Vanquished Creatures (others)
  11 fungi (D:11)
  A plant (D:11)
12 creatures vanquished.

Grand Total: 409 creatures vanquished

Notes
Turn   | Place    | Note
-------+----------+-------------------------------------------
     0 | D:1      | Duffy the Naga Fighter began the quest for the Orb.
     0 | D:1      | Reached XP level 1. HP: 21/21 MP: 1/1
   138 | D:1      | Reached XP level 2. HP: 19/28 MP: 2/2
   756 | D:1      | Reached XP level 3. HP: 32/34 MP: 3/3
   849 | D:1      | Reached skill level 3 in Axes
  1122 | D:2      | Found a white marble altar of Elyvilon.
  1151 | D:2      | Reached XP level 4. HP: 42/42 MP: 4/4
  1477 | D:2      | Noticed Natasha
  1480 | D:2      | Killed Natasha
  1480 | D:2      | Reached XP level 5. HP: 49/49 MP: 5/5
  1837 | D:2      | Noticed Natasha
  1843 | D:2      | Killed Natasha
  1843 | D:2      | Reached skill level 4 in Axes
  1867 | D:2      | Noticed Natasha
  1878 | D:2      | Killed Natasha
  2053 | D:2      | Found a runed door.
  2057 | D:2      | Noticed Crazy Yiuf
  2066 | D:2      | Killed Crazy Yiuf
  2232 | D:3      | Reached XP level 6. HP: 46/56 MP: 6/6
  2686 | D:3      | Found a blossoming altar of Fedhas.
  3161 | D:4      | Found a staircase to the Ecumenical Temple.
  3170 | Temple   | Entered the Ecumenical Temple
  3559 | D:4      | Found a snail-covered altar of Cheibriados.
  3707 | D:4      | Reached skill level 5 in Axes
  3815 | D:4      | Reached XP level 7. HP: 41/62 MP: 7/7
  4048 | D:4      | Reached skill level 5 in Shields
  4547 | D:4      | Noticed Eustachio
  4556 | D:4      | Killed Eustachio
  4556 | D:4      | Reached skill level 6 in Axes
  5036 | D:4      | Reached XP level 8. HP: 65/69 MP: 8/8
  5230 | D:4      | Found Lust's Weapon Boutique.
  5235 | D:4      | Bought a +1 war axe of venom for 123 gold pieces
  5385 | D:5      | Entered Level 5 of the Dungeon
  5694 | D:5      | Found an iron altar of Okawaru.
  5741 | D:5      | Reached skill level 7 in Axes
  5768 | D:5      | Found a hide-covered altar of Uskayaw.
  5830 | D:5      | Gained mutation: You can exhale a cloud of poison. [potion
                  | of mutation]
  5830 | D:5      | Gained mutation: You are agile. (Dex +2) [potion of
                  | mutation]
  5830 | D:5      | Gained mutation: Your tail ends in a poisonous barb.
                  | [potion of mutation]
  5830 | D:5      | Gained mutation: Your mind is acute. (Int +2) [potion of
                  | mutation]
  6189 | D:5      | Found a deep blue altar of Sif Muna.
  6566 | D:5      | Noticed Pikel
  6583 | D:5      | Killed Pikel
  6583 | D:5      | Reached skill level 8 in Axes
  6583 | D:5      | Reached XP level 9. HP: 51/75 MP: 9/9
  6760 | D:5      | Found a hazy altar of Hepliaklqana.
  6827 | D:6      | Found a shadowy altar of Dithmenos.
  7110 | D:6      | Reached skill level 9 in Axes
  7399 | D:6      | Noticed Grinder
  7408 | D:6      | Killed Grinder
  7503 | D:6      | Found a deep blue altar of Sif Muna.
  7762 | D:7      | Found an opulent altar of Gozag.
  7763 | D:7      | Found a blossoming altar of Fedhas.
  7793 | D:7      | Noticed Joseph
  7801 | D:7      | Found a burning altar of Makhleb.
  7809 | D:7      | Killed Joseph
  8160 | D:7      | Became a worshipper of Gozag Ym Sagoz the Greedy
  8218 | D:7      | Reached XP level 10. HP: 69/84 MP: 10/10
  8336 | D:7      | Reached skill level 10 in Axes
  8524 | D:7      | Noticed a brown ugly thing
  8535 | D:7      | Killed a brown ugly thing
  9065 | D:7      | Found a glowing golden altar of the Shining One.
  9073 | D:7      | Noticed Menkaure
  9078 | D:7      | Killed Menkaure
 10064 | D:8      | Found Leiluis's Assorted Antiques.
 10134 | D:8      | Bought a small fluorescent amulet for 130 gold pieces
 10134 | D:8      | Bought a scroll of identify for 52 gold pieces
 10134 | D:8      | Bought a scroll of identify for 52 gold pieces
 10134 | D:8      | Bought a large shield for 117 gold pieces
 10476 | D:9      | Noticed a two-headed ogre
 10481 | D:9      | Killed a two-headed ogre
 10481 | D:9      | Reached skill level 11 in Axes
 10667 | D:9      | Reached skill level 5 in Fighting
 10684 | D:9      | Reached XP level 11. HP: 91/94 MP: 11/11
 10686 | D:9      | Found a staircase to the Orcish Mines.
 11547 | D:9      | Noticed a two-headed ogre
 11547 | D:9      | Noticed a two-headed ogre
 11557 | D:9      | Killed a two-headed ogre
 11563 | D:9      | Killed a two-headed ogre
 11814 | D:10     | Entered Level 10 of the Dungeon
 11868 | D:10     | Noticed an unseen horror
 11875 | D:10     | Killed an unseen horror
 11875 | D:10     | Reached skill level 5 in Armour
 12491 | D:10     | Found a runed gate.
 12514 | D:10     | Found a runed gate.
 12517 | D:10     | Noticed a brown ugly thing
 12517 | D:10     | Noticed a purple very ugly thing
 12518 | D:10     | Noticed a cyan ugly thing
 12518 | D:10     | Noticed a glowing orange brain
 12518 | D:10     | Noticed a white ugly thing
 12519 | D:10     | Found a runed gate.
 12519 | D:10     | Noticed a white ugly thing
 12519 | D:10     | Noticed a purple ugly thing
 12519 | D:10     | Noticed a purple ugly thing
 12627 | D:10     | Identified a scroll of acquirement
 12630 | D:10     | Got a dazzling naga barding
 12636 | D:10     | Identified the +0 naga barding of Lies {rC+ Int-4 Dex+2
                  | Stlth+} (You acquired it on level 10 of the Dungeon)
 12804 | D:11     | Found a staircase to the Lair.
 12879 | D:11     | Found a frozen archway.
 12886 | IceCv    | Entered an ice cave
 13028 | IceCv    | Reached skill level 10 in Shields
 13082 | IceCv    | Reached skill level 12 in Axes
 13333 | IceCv    | Reached XP level 12. HP: 102/109 MP: 12/12
 13775 | IceCv    | Reached skill level 1 in Evocations
 13775 | IceCv    | HP: 2/109 [something (8)]
 14367 | IceCv    | Noticed a frost giant
 14383 | IceCv    | Killed a frost giant
 14821 | D:11     | Noticed Harold
 14831 | D:11     | Killed Harold
 14831 | D:11     | Reached skill level 5 in Evocations
 14881 | D:11     | Found Oxtetu's Armour Emporium.
 14974 | D:11     | Bought the +6 chain mail "Roeta" {rC+} for 630 gold pieces
 15638 | Lair:1   | Entered Level 1 of the Lair of Beasts
 15843 | Lair:1   | Gained mutation: You can use your snake-like lower body to
                  | constrict enemies. [Naga growth]
 15843 | Lair:1   | Reached XP level 13. HP: 96/115 MP: 17/17
 16641 | Orc:1    | Entered Level 1 of the Orcish Mines
 16696 | Orc:1    | Noticed an orc warlord
 16707 | Orc:1    | Slain by an orc knight

Vault maps used:
D:1:      dpeg_arrival_long_road, minmay_hexomino_u4
D:2:      elyvilon_altar_5, uniq_crazy_yiuf_cottage, uniq_natasha
D:3:      fedhas_altar_1
D:4:      lemuel_doored_altar, minmay_temple_entry_waves, serial_shops, shop,
          first_ration, st_stairs_7, minmay_misc_feat_five, grunt_ministairs_3,
          nrook_mini_backslash, uniq_eustachio
D:5:      lemuel_crystal_altar, nicolae_overflow_crystal_walls,
          kennysheep_little_box, serial_glass, glass_columns_b, glass_columns_a,
          glass_columns_a, glass_columns_c, glass_columns_a, glass_columns_c,
          glass_columns_a, glass_columns_a, basic_altar, uniq_pikel
D:6:      cheibrodos_quashed, nicolae_overflow_hidden_temple,
          lemuel_crystal_altar, uniq_grinder
D:7:      gammafunk_temple_overflow_forgotten, lemuel_tele_altar, uniq_joseph,
          uniq_menkaure
D:8:      serial_shops, nicolae_shop_overgrown_old_shop, blue_anna_alchemist
D:9:      david_orc_2
D:10:     ploomutoo_gammafunk_ghost_potion_laboratory
D:11:     due_lair_maze_entry_diamond, portal_ice_cave_entry_pillars_2,
          serial_shops, shop, uniq_harold
Temple:   minmay_temple_forest_path
Lair:1:   minivault_19, grunt_megastairs_3
Orc:1:    special_room, uniq_fannar, uniq_erolcha
IceCv:    ice_cave_small_giant

Skill      XL: |  1  2  3  4  5  6  7  8  9 10 11 12 13 |
---------------+----------------------------------------+-----
Shields        | 3 4 5 7 8 9 10 11 | 11.6
Axes           | 3 4 5 6 8 9 11 12 | 12.4
Armour         | 4 5 6 |  6.6
Fighting       | 5 7 8 |  8.0
Evocations     | 6 |  6.0

Action                   |  1- 3 |  4- 6 |  7- 9 | 10-12 | 13-15 || total
-------------------------+-------+-------+-------+-------+-------++-------
Melee: War axe           |   121 |   162 |   375 |   717 |    38 ||  1413
       Tailslap          |       |       |    33 |   131 |    19 ||   183
       Constrict         |       |       |       |       |    12 ||    12
 Fire: Blowgun           |       |       |       |     3 |       ||     3
 Abil: Spit Poison       |       |     5 |     2 |       |       ||     7
       Breathe Poison Ga |       |       |     2 |     1 |       ||     3
       Evoke Flight      |       |       |       |     2 |       ||     2
       Evoke Berserk Rag |       |       |       |     1 |       ||     1
Evoke: Wand              |       |     9 |       |       |       ||     9
  Use: Scroll            |       |       |     9 |    15 |     3 ||    27
       Potion            |       |       |     1 |     1 |       ||     2
 Stab: Distracted        |       |       |     1 |     6 |       ||     7
  Eat: Chunk             |       |     8 |    12 |       |       ||    20
       Ration            |       |       |       |    10 |       ||    10
Armor: Scale mail        |    63 |     2 |       |       |       ||    65
       Chain mail        |       |    91 |   152 |    54 |    21 ||   318
       Plate armour      |       |       |       |   206 |       ||   206
Dodge: Dodged            |    31 |    46 |    93 |   107 |     7 ||   284
Block: Shield            |    66 |   111 |   194 |    82 |       ||   453
       Large shield      |       |       |       |   605 |    59 ||   664

Table legend:
 A = Non-vault XP
 B = Vault XP
 C = Vault XP percentage of total XP
 D = Non-vault monster count
 E = Vault monster count
 F = Vault count percentage of total count
                 A         B        C        D         E       F
            +---------+---------+-------+---------+---------+-------
      Total |   20546 |   15125 |  42.4 |     310 |      76 |  19.7
            +---------+---------+-------+---------+---------+-------
        D:1 |      43 |      20 |  31.7 |      23 |       7 |  23.3
        D:2 |     166 |      76 |  31.4 |      22 |       2 |   8.3
        D:3 |      66 |       0 |   0.0 |      16 |       0 |   0.0
        D:4 |     618 |     224 |  26.6 |      26 |       5 |  16.1
        D:5 |     918 |     629 |  40.7 |      25 |       1 |   3.8
        D:6 |    1056 |     262 |  19.9 |      27 |       1 |   3.6
        D:7 |    1595 |     611 |  27.7 |      22 |       2 |   8.3
        D:8 |    1456 |      95 |   6.1 |      37 |       1 |   2.6
        D:9 |    4465 |     273 |   5.8 |      41 |       7 |  14.6
       D:10 |    2246 |       0 |   0.0 |      22 |       0 |   0.0
       D:11 |    2305 |    2975 |  56.3 |      15 |      13 |  46.4
     Lair:1 |    4996 |      90 |   1.8 |      24 |       1 |   4.0
      Orc:1 |     616 |       0 |   0.0 |      10 |       0 |   0.0
      IceCv |       0 |    9870 | 100.0 |       0 |      36 | 100.0
            +---------+---------+-------+---------+---------+-------
